 Dungeon Crawl Stone Soup version 0.21-a0-260-g9b2435e (webtiles) character file.

7 roguesci the Charmwright (level 1, 0/16 HPs)
             Began as a Demonspawn Skald on Sept 7, 2017.
             Slain by a bat (1 damage)
             ... on level 1 of the Dungeon.
             The game lasted 00:02:16 (178 turns).

roguesci the Charmwright (Demonspawn Skald)          Turns: 178, Time: 00:02:17

Health: 0/16       AC:  3    Str: 11    XL:     1   Next: 91%
Magic:  3/3        EV: 12    Int: 14    God:
Gold:   9          SH:  0    Dex: 12    Spells: 3/4 levels left

rFire    + . .     SeeInvis .   a - +0 hand axe
rCold    . . .     Gourm    .   (no shield)
rNeg     . . .     Faith    .   b - +0 leather armour
rPois    .         Spirit   .   (no helmet)
rElec    .         Reflect  .   (no cloak)
rCorr    .         Harm     .   (no gloves)
MR       .....                  (no boots)
Stlth    +.........             (no amulet)
HPRegen  0.05/turn              e - ring of protection from fire
MPRegen  0.08/turn              (no ring)

@: no status effects
A: no striking features
a: no special abilities


You were on level 1 of the Dungeon.
You were not hungry.

You visited 1 branch of the dungeon, and saw 1 of its levels.

You collected 9 gold pieces.

Inventory:

Hand Weapons
 a - a +0 hand axe (weapon)
Armour
 b - a +0 leather armour (worn)
Jewellery
 e - a ring of protection from fire (left hand)
Books
 c - a book of Battle

   Spells                             Type                      Level
   a - Infusion                       Charms                       1
   b - Shroud of Golubria             Charms/Translocation         2
   c - Song of Slaying                Charms                       2
   d - Spectral Weapon                Hexes/Charms                 3
   e - Regeneration                   Charms/Necromancy            3
Comestibles
 d - a bread ration


   Skills:
 * Level 2.0 Fighting
 + Level 1.7 Axes
 + Level 1.1 Armour
 * Level 1.9 Dodging
 + Level 0.4 Stealth
 * Level 2.1 Spellcasting
 + Level 2.7 Charms


You had 3 spell levels left.
You knew the following spells:

 Your Spells              Type           Power        Failure   Level  Hunger
a - Infusion              Chrm           #...         10%         1    #......


Dungeon Overview and Level Annotations

Branches:
Dungeon (1/15)

Altars:


Message History

The bat closely misses you. The bat hits you but does no damage.
There is an escape hatch in the floor here.
You hit the bat.
The bat is severely wounded.
You hit the jackal. The bat barely misses you. The jackal bites you.
* * * LOW HITPOINT WARNING * * *
The jackal bites you but does no damage.
You hit the jackal.
The jackal is severely wounded.
You hit the jackal but do no damage. The bat hits you.
* * * LOW HITPOINT WARNING * * *
The jackal barely misses you.
The jackal bites you but does no damage.
The jackal barely misses you. x2
The bat hits you but does no damage.
The jackal bites you but does no damage.
The bat misses you. The bat closely misses you. The jackal closely misses you.
The bat hits you.
You die...

... #.#..####. .## #.#...###.
#.##..#... #.##.....# #. #.#
###.#......# ..#.##.#
##........##..
#.#....#####.........###. .
#....#...##.>......... #.
..####.#...#@##........... #.
..........%..bh........... ##
.............#.#.........####
...........##................
%.........#.#...#############
#......##.#.......#
#.#....#h##........#
#.#..#.#.#....###.# .
#..##.#.....###.#


You could see a jackal and a bat.

Vanquished Creatures
  A giant cockroach (D:1)
  2 jackals (D:1)
  A kobold (D:1)
  2 bats (D:1)
  A goblin (D:1)
7 creatures vanquished.

Notes
Turn   | Place    | Note
-------+----------+-------------------------------------------
     0 | D:1      | roguesci the Demonspawn Skald began the quest for the Orb.
     0 | D:1      | Reached XP level 1. HP: 16/16 MP: 3/3
    52 | D:1      | Reached skill level 1 in Armour
   178 | D:1      | Slain by a bat

Vault maps used:
D:1:      dpeg_arrival_tiny_a, minmay_misc_feat_secret_circle

Skill      XL: |  1 |
---------------+----+-----
Armour         | 1 |  1.1
Fighting       | |  2.0
Axes           | |  1.7
Dodging        | |  1.9
Stealth        | |  0.4
Spellcasting   | |  2.1
Charms         | |  2.7

Action                   || total
-------------------------++-------
Melee: Hand axe          ||    35
 Cast: Infusion          ||     1
Armor: Leather armour    ||    46
Dodge: Dodged            ||    96

Table legend:
 A = Spawn XP
 B = Non-spawn XP
 C = Spawn XP percentage of total XP
 D = Spawn monster count
 E = Non-spawn monster count
 F = Spawn count percentage of total count
 G = Total turns spent on level
                    A         B        C        D         E        F      G
               +---------+---------+-------+---------+---------+-------+---------
         Total |       0 |      11 |   0.0 |       0 |       7 |   0.0 |   178
               +---------+---------+-------+---------+---------+-------+---------
           D:1 |       0 |      11 |   0.0 |       0 |       7 |   0.0 |   178
               +---------+---------+-------+---------+---------+-------+---------
